 Dungeon Crawl Stone Soup version 0.28-a0-1235-g7c8fac35f0 (webtiles) character file.

Game seed: 9462428811395363149

6316 Conn the Arsonist (level 10, 0/60 HPs)
             Began as an Octopode Fire Elementalist on Dec 25, 2021.
             Was a Believer of Sif Muna.
             Slain by niknal's ghost (12 damage)
             ... on level 9 of the Dungeon.
             The game lasted 00:31:19 (11973 turns).

Conn the Arsonist (Octopode Fire Elementalist)     Turns: 11973, Time: 00:31:20

Health: 0/60       AC:  1    Str:  6    XL:     10   Next: 95%
Magic:  13/31      EV: 14    Int: 21    God:    Sif Muna [**....]
Gold:   476        SH:  0    Dex: 18    Spells: 2/25 levels left

rFire   + . .      SeeInvis .   E - +4 dagger (speed)
rCold   x . .      Faith    .   (no shield)
rNeg    . . .      Spirit   .   v - +0 hat of Kasaheo {rElec MP+9 Str-2 Dex+5}
rPois   .          Reflect  .   (no amulet)
rElec   +          Harm     .   x - ring of fire
rCorr   .          Rampage  .   (no ring)
Will    .....                   (no ring)
Stlth   ++++......              (no ring)
HPRegen 0.20/turn               (no ring)
MPRegen 0.22/turn               (no ring)
                                (no ring)
                                (no ring)

@: slowed, studying Shields, very slow
A: almost no armour, amphibious, 8 rings, camouflage 1, gelatinous body 1,
(nimble swimmer 1), tentacles
a: Renounce Religion, Channel Magic


You were on level 9 of the Dungeon.
You worshipped Sif Muna.
Sif Muna was pleased with you.
You visited 2 branches of the dungeon, and saw 10 of its levels.
You also visited: Bailey.

You collected 476 gold pieces.

Inventory:

Hand Weapons
 c - a +0 dagger
 u - a +1 vampiric dagger
 E - a +4 dagger of speed (weapon)
Missiles
 a - a throwing net
Armour
 i - a +2 kite shield of protection
 v - the +0 hat of Kasaheo (worn) {rElec MP+9 Str-2 Dex+5}
   (You found it on level 6 of the Dungeon)

   Str:       It affects your strength (-2).
   Dex:       It affects your dexterity (+5).
   rElec:     It insulates you from electricity.
   MP:        It affects your magic capacity (+9).
 D - a +0 buckler
Jewellery
 x - a ring of fire (left tentacle)
 H - an amulet of magic regeneration
Wands
 n - a wand of iceblast (13)
 w - a wand of acid (3)
 B - a wand of mindburst (10)
Scrolls
 e - a scroll of fear
 f - a scroll of blinking
 l - a scroll of vulnerability {unknown}
 m - 3 scrolls of noise
 p - a scroll of silence {unknown}
 q - a scroll of fog {unknown}
 r - a scroll of torment {unknown}
 s - 2 scrolls of teleportation
 F - a scroll of magic mapping {unknown}
Potions
 b - 2 potions of curing
 d - a potion of flight
 g - a potion of invisibility
 h - a potion of brilliance
 j - 2 potions of might {unknown}
 k - 2 potions of degeneration {unknown}
 t - a potion of heal wounds
 z - 2 potions of experience
 A - a potion of magic
 C - a potion of berserk rage


   Skills:
 + Level 1.8 Fighting
 + Level 1.2 Short Blades
 + Level 3.3 Dodging
 + Level 5.4 Stealth
 * Level 2.3 Shields
 + Level 8.0 Spellcasting
 + Level 5.1 Conjurations
 + Level 3.3 Hexes
 + Level 2.7 Summonings
 + Level 9.2 Fire Magic
 + Level 1.5 Air Magic
 + Level 2.7 Earth Magic
 * Level 5.0 Invocations
 + Level 1.4 Evocations


You had 2 spell levels left.
You knew the following spells:

 Your Spells              Type           Power      Damage    Failure   Level
a - Foxfire               Conj/Fire      100%       2x1d9     1%          1
b - Conjure Flame         Conj/Fire      55%        6-21      1%          3
c - Inner Flame           Hex/Fire       51%        N/A       1%          3
d - Flame Wave            Conj/Fire      55%        2d9       4%          4
e - Scorch                Fire           100%       2d10      1%          2
f - Stone Arrow           Conj/Erth      48%        3d10      4%          3
g - Summon Guardian Gole  Hex/Summ       21%        N/A       7%          3
h - Airstrike             Air            7%         N/A       38%         4

Your spell library contained the following spells:

 Spells                   Type           Power      Damage    Failure   Level
 Sandblast                Erth           38%        2d10      2%          1
 Summon Small Mammal      Summ           76%        N/A       2%          1
 Passwall                 Tmut/Erth      11%        N/A       7%          2
 Animate Skeleton         Necr           16%        N/A       8%          1
 Apportation              Tloc           16%        N/A       8%          1
 Beastly Appendage        Tmut           16%        N/A       8%          1
 Pain                     Necr           32%        1d5       8%          1
 Wereblood                Tmut           8%         N/A       12%         2
 Call Canine Familiar     Summ           19%        N/A       8%          3
 Swiftness                Air            14%        N/A       13%         3
 Spider Form              Tmut/Pois      8%         N/A       24%         3
 Vampiric Draining        Necr           8%         2d6       24%         3
 Lightning Bolt           Conj/Air       11%        1d24      50%         5
 Alistair's Intoxication  Tmut/Pois      5%         N/A       91%         5


Dungeon Overview and Level Annotations

Branches:
Dungeon (9/15)             Temple (1/1) D:6            Lair (0/6) D:8
 Bailey (visited)
    Orc: D:9-12

Altars:
Ashenzari
Cheibriados
Dithmenos
Elyvilon
Fedhas
Gozag
Hepliaklqana
Kikubaaqudgha
Makhleb
Nemelex Xobeh
Qazlal
Ru
Sif Muna
Trog
Uskayaw
Vehumet
Wu Jian
Xom
Yredelemnul
Zin
The Shining One
Beogh

Shops:
D:8 :!:*

Annotations:
D:9 exclusion: obsidian statue, niknal's ghost, novice OpTm


Innate Abilities, Weirdness & Mutations

You cannot wear most types of armour.
You are amphibious.
You can wear up to eight rings at the same time.
Your skin changes colour to match your surroundings (Stealth+).
Your rubbery body absorbs attacks. (AC +1, EV +1)
((You are camouflaged when in or above water. (Stealth+)))
You have tentacles for arms and can constrict up to eight enemies at once.


Message History

Niknal's ghost is no longer more vulnerable to fire.
Niknal's ghost closely misses you.
The kobold brigand zaps a wand.
The puff of flame hits your guardian golem but does no damage.
Niknal's ghost barely misses you.
Casting: Scorch (safe; 1% risk of failure)
Confirm with . or Enter, or press ? or * to list all spells.
Okay, then.
Aiming: Corrosive Bolt
Press: ? - help, Shift-Dir - straight line
Okay, then.
Unknown command.
Unknown command.
Unknown command.
The kobold demonologist looks encouraged for a moment.
The kobold brigand throws a poisoned dart.
The poisoned dart hits your guardian golem!
The kobold demonologist barely misses your guardian golem.
Unknown command.
Casting: Scorch (safe; 1% risk of failure)
Confirm with . or Enter, or press ? or * to list all spells.
You feel a surge of power!
Flames lash niknal's ghost.
Niknal's ghost is almost destroyed.
Niknal's ghost's fire resistance burns away.
The kobold brigand zaps a wand.
The puff of flame hits your guardian golem.
Your guardian golem resists.
Flame seeps out of your guardian golem.
The kobold brigand hits you with a +2 whip of pain!
* * * LOW HITPOINT WARNING * * *
Niknal's ghost barely misses you.
The kobold demonologist hits your guardian golem with a +0 dagger.
Flame seeps out of your guardian golem.
Your guardian golem is engulfed in blazing flames.
Flame seeps out of your guardian golem.
The kobold brigand hits you with a +2 whip of pain.
* * * LOW HITPOINT WARNING * * *
You writhe in agony.
* * * LOW HITPOINT WARNING * * *
Niknal's ghost hits you!
You die...

####.## ##.###.## #..##.# #.
......# ##.#.#####..##.# #.
.###..# #..[.......##.# ## .#
#..# ##.#######'##.#### .# ##.##
#.# ##...#..... .###.#.## ###.#
##.....##### ..#.###.## ##.#.#
##.......## ...## ##.#
###....###.........### ....##
#####...K@...'.........'..
...#.###.♣.##...W####.........###
#.##.##.....#K9.## ##.......##
####.#$.###))K)## ##.....#####
#.#=.....'K)# ##...###...
#.#$.###.'..# ##'## #.##
#.##K....#..# #.# #.#
#.###.♣.##..# #.# #.## #.#
#####...# ##.## #.##


You could see a kobold demonologist, 3 kobold brigands, niknal's ghost
(combustible) and a friendly guardian golem (summoned, inner flame).

Vanquished Creatures
  An orc knight (Bailey)
  4 yaks (D:9)
  A shadow (D:9)
  Eustachio (D:4)
  Menkaure (D:5)
  A water moccasin (D:9)
  Duvessa (D:7)
  An ice beast (D:6)
  14 orc warriors
  A sky beast (D:8)
  An ogre (D:5)
  2 centaurs
  A phantom (D:5)
  3 kobold brigands (D:9)
  5 bullfrogs
  A scorpion (D:5)
  A gnoll sergeant (D:7)
  Dowan (D:7)
  A wyvern skeleton (D:6)
  8 killer bees
  3 wights (D:9)
  A bullfrog zombie (D:5)
  6 centaur zombies
  2 hounds
  4 jellies
  A gnoll shaman (D:7)
  2 bullfrog skeletons
  2 orc priests (D:8)
  4 iguanas
  6 orc wizards
  A scorpion zombie (D:4)
  2 killer bee zombies
  A hound zombie (D:4)
  A hound skeleton (D:4)
  12 gnolls
  2 howler monkey skeletons
  4 adders
  A shadow imp (D:6)
  An adder zombie (D:4)
  A worm (D:2)
  4 dart slugs
  26 orcs
  2 bats
  2 giant cockroaches
  12 goblins
  8 jackals
  5 kobolds
  2 quokkas
  5 frilled lizards
  8 rats
181 creatures vanquished.

Vanquished Creatures (others)
  A kobold demonologist (D:9)
  3 kobold brigands (D:9)
  734 foxfires
  4 plants (D:9)
  A withered plant (D:4)
743 creatures vanquished.

Grand Total: 924 creatures vanquished

Notes
Turn   | Place    | Note
-------+----------+-------------------------------------------
     0 | D:1      | Conn the Octopode Fire Elementalist began the quest for the
                  | Orb.
     0 | D:1      | Reached XP level 1. HP: 11/11 MP: 3/3
    64 | D:1      | Reached XP level 2. HP: 17/17 MP: 0/5
   180 | D:1      | Found a faded altar of an unknown god.
   709 | D:1      | Reached XP level 3. HP: 11/21 MP: 6/6
  1506 | D:2      | Reached skill level 4 in Fire Magic
  1716 | D:2      | Reached XP level 4. HP: 27/27 MP: 7/7
  2043 | D:1      | Learned a level 3 spell: Conjure Flame
  2047 | D:1      | Learned a level 3 spell: Inner Flame
  2627 | D:3      | Reached XP level 5. HP: 32/32 MP: 5/9
  3648 | D:4      | Noticed Eustachio
  3658 | D:4      | Killed Eustachio
  3659 | D:4      | Reached skill level 1 in Short Blades
  3659 | D:4      | Reached XP level 6. HP: 26/37 MP: 1/11
  3782 | D:4      | Reached skill level 5 in Fire Magic
  4022 | D:4      | Reached XP level 7. HP: 42/42 MP: 8/13
  4226 | D:5      | Entered Level 5 of the Dungeon
  4412 | D:5      | Noticed Menkaure
  4418 | D:5      | Killed Menkaure
  4684 | D:5      | Reached skill level 5 in Spellcasting
  4774 | D:5      | Found a stormy altar of Qazlal.
  4804 | D:5      | Found a glowing golden altar of the Shining One.
  4878 | D:5      | Reached XP level 8. HP: 31/47 MP: 8/15
  5704 | D:6      | Found a staircase to the Ecumenical Temple.
  5708 | D:6      | Identified the +0 hat of Kasaheo {rElec MP+9 Str-2 Dex+5}
  5838 | D:6      | Learned a level 4 spell: Flame Wave
  5841 | D:6      | Learned a level 2 spell: Scorch
  5845 | D:6      | Learned a level 3 spell: Stone Arrow
  5856 | D:6      | Reached skill level 1 in Fighting
  5919 | D:6      | Reached skill level 6 in Fire Magic
  6314 | D:6      | Found a snail-covered altar of Cheibriados.
  6330 | D:6      | Reached skill level 1 in Evocations
  6670 | Temple   | Entered the Ecumenical Temple
  6743 | Temple   | Became a worshipper of Sif Muna the Loreminder
  6775 | D:6      | Learned a level 3 spell: Summon Guardian Golem
  6803 | D:7      | Noticed Duvessa
  6803 | D:7      | Noticed Dowan
  6807 | D:7      | Killed Dowan
  6808 | D:7      | Reached skill level 1 in Hexes
  6958 | D:6      | Reached XP level 9. HP: 43/53 MP: 18/18
  7011 | D:7      | Reached skill level 1 in Earth Magic
  7015 | D:7      | Reached skill level 1 in Invocations
  7016 | D:7      | Reached skill level 1 in Summonings
  7100 | D:7      | Reached skill level 5 in Stealth
  7277 | D:7      | Found a flagged portal.
  7286 | Bailey   | Entered a bailey
  7880 | Bailey   | Reached skill level 7 in Fire Magic
  8699 | Bailey   | Reached * piety under Sif Muna
  8757 | Bailey   | Noticed an orc knight
  8770 | Bailey   | Killed an orc knight
  8771 | Bailey   | Reached skill level 8 in Fire Magic
  8771 | Bailey   | Reached XP level 10. HP: 21/60 MP: 2/20
  9120 | Bailey   | Got the Guide on Vitriolic Weightlessness
  9129 | Bailey   | Learned a level 4 spell: Airstrike
  9689 | D:7      | Killed Duvessa
 10040 | D:8      | Found Liecus's Distillery.
 10067 | D:8      | Found Ceatumpa's Book Shoppe.
 10151 | D:8      | Found a staircase to the Lair.
 10154 | D:8      | Found Kauwko's Book Boutique.
 10289 | D:8      | Reached ** piety under Sif Muna
 10392 | D:8      | Found Athial's General Store.
 10605 | D:9      | Noticed an obsidian statue
 10862 | D:9      | Reached skill level 1 in Air Magic
 11045 | D:9      | Reached skill level 1 in Shields
 11189 | D:9      | Found a runed translucent gate.
 11190 | D:9      | Found a runed translucent gate.
 11190 | D:9      | Found a runed translucent gate.
 11190 | D:9      | Noticed a kobold demonologist
 11192 | D:9      | Noticed niknal's ghost (novice OpTm)
 11192 | D:9      | Noticed a kobold demonologist
 11405 | D:9      | Reached skill level 5 in Conjurations
 11413 | D:9      | Reached skill level 9 in Fire Magic
 11736 | D:9      | Identified a scroll of acquirement
 11736 | D:9      | Acquired a +0 kite shield of protection
 11959 | D:9      | Killed a kobold demonologist
 11960 | D:9      | Reached skill level 5 in Invocations
 11973 | D:9      | Slain by niknal's ghost

Illustrated notes

Levels and vault maps discovered:
D:1:      dpeg_arrival_arbitrary_c, layout_loops_ring,
          hellmonk_ecumenical_altar_defaced_shrine
D:2:      layout_basic, grunt_ministairs_3, kennysheep_nondescript,
          wander_ebering_terrifying_dragon_lair
D:3:      layout_rooms
D:4:      layout_rooms, serial_undead, serial_undead_d, serial_undead_b,
          serial_undead_a, serial_undead_d, uniq_eustachio
D:5:      layout_gridville, mainiacjoe_overflow_large_starburst,
          minmay_a_box_with_orc_wizards_in_it, uniq_menkaure
D:6:      layout_loops_cross, cheibriados_altar_1,
          minmay_temple_entry_drinking_statues
D:7:      layout_rooms, enter_bailey_5, serial_rivers,
          chequers_serial_rivers_micro_e, chequers_serial_rivers_small_b,
          chequers_serial_rivers_small_a, chequers_serial_rivers_micro_d,
          uniq_duvessa
D:8:      layout_rooms, lair_entry_dummy, serial_shops, nicolae_shop_waterfront,
          shop, nicolae_shop_behind_doors, shop_statue
D:9:      minmay_statue_hallways, layout_loops_corners,
          gammafunk_ghost_nasty_kobolds
Temple:   mainiacjoe_temple_coin_purse

Skill      XL: |  1  2  3  4  5  6  7  8  9 10 |
---------------+-------------------------------+-----
Stealth        | 3 4 5 |  5.4
Fire Magic     | 4 5 6 8 9 |  9.2
Conjurations   | 2 3 4 5 |  5.1
Spellcasting   | 3 4 5 6 7 8 |  8.0
Short Blades   | 1 |  1.2
Fighting       | 1 |  1.8
Dodging        | 3 |  3.3
Evocations     | 1 |  1.4
Hexes          | 1 2 3 |  3.3
Earth Magic    | 2 |  2.7
Invocations    | 3 5 |  5.0
Summonings     | 2 |  2.7
Air Magic      | 1 |  1.5
Shields        | 2 |  2.3

Action                   |  1- 3 |  4- 6 |  7- 9 | 10-12 || total
-------------------------+-------+-------+-------+-------++-------
Melee: Unarmed           |     2 |       |       |       ||     2
       Dagger            |    24 |    19 |    19 |     9 ||    71
       Constrict         |     2 |     4 |     5 |       ||    11
       Tentacles         |     1 |       |     7 |       ||     8
 Cast: Foxfire           |    44 |    96 |   185 |   100 ||   425
       Conjure Flame     |       |     2 |       |     2 ||     4
       Inner Flame       |       |     1 |    20 |    19 ||    40
       Scorch            |       |       |    17 |    22 ||    39
       Flame Wave        |       |       |     2 |       ||     2
       Summon Guardian G |       |       |     1 |     2 ||     3
Evoke: Wand              |       |     1 |     5 |       ||     6
  Use: Potion            |       |       |     2 |     1 ||     3
       Scroll            |       |       |       |    15 ||    15
 Stab: Sleeping          |     8 |     3 |     4 |     1 ||    16
Armor: Skin              |     2 |     3 |     3 |       ||     8
Dodge: Dodged            |    15 |    20 |    70 |    24 ||   129
Block: Buckler           |       |       |       |     3 ||     3

Table legend: (Time is in decaauts)
 A = Elapsed time spent in this place.
 B = Non-inter-level travel time spent in this place.
 C = Inter-level travel time spent in this place.
 D = Time resting spent in this place.
 E = Time spent auto-exploring this place.
 F = Levels seen in this place.
 G = Mean time per level.
                   A        B        C        D        E       F      G
               +--------+--------+--------+--------+--------+-----+--------+
         Total |  11980 |  11785 |    195 |    610 |   8536 |  11 | 1089.1 |
       Dungeon |   9951 |   9766 |    185 |    317 |   7264 |   9 | 1105.7 |
        Temple |     85 |     75 |     10 |      0 |     36 |   1 |   85.0 |
        Bailey |   1943 |   1943 |      0 |    293 |   1236 |   1 | 1943.0 |
               +--------+--------+--------+--------+--------+-----+--------+

Top non-repeatable levels by time:
  Bailey: 1943 daAuts
     D:9: 1542 daAuts
     D:5: 1464 daAuts
     D:2: 1271 daAuts
     D:1: 1260 daAuts
     D:6: 1209 daAuts
     D:7: 981 daAuts
     D:4: 931 daAuts
     D:3: 763 daAuts
     D:8: 526 daAuts
  Temple: 85 daAuts
